 Dungeon Crawl Stone Soup version 0.24-a0-203-gf0bc1e94ae (webtiles) character file.

Game seed: 17915212442175542993

70 EnegeticOcto the Skirmisher (level 4, 0/39 (40) HPs)
             Began as a Ghoul Abyssal Knight on Mar 27, 2019.
             Was a Follower of Lugonu.
             Slain by an orc priest
             ... wielding a +0 flail
              (3 damage)
             ... on level 2 of the Dungeon.
             The game lasted 00:02:17 (1825 turns).

EnegeticOcto the Skirmisher (Ghoul Abyssal Knight)  Turns: 1825, Time: 00:02:18

HP:   0/39 (40)     AC:  4    Str: 16      XL:     4   Next: 22%
MP:   4/4           EV: 11    Int:  9 (12) God:    Lugonu [*.....]
Gold: 86            SH:  0    Dex:  8      Spells: 3/3 levels left

rFire    . . .     SeeInvis .   l - +1 dagger (venom)
rCold    + . .     Gourm    .   (no shield)
rNeg     + + +     Faith    .   b - +0 leather armour
rPois    ∞         Spirit   .   (no helmet)
rElec    .         Reflect  .   h - scarf {repulsion}
rCorr    .         Harm     .   (no gloves)
MR       .....                  i - +0 pair of boots (curse)
Stlth    ..........             (no amulet)
HPRegen  0.00/turn              (no ring)
MPRegen  0.09/turn              (no ring)

@: confused, brilliant, rotting, invisible, repel missiles
A: rotting body, claws 1, carnivore, cold resistance 1, negative energy
resistance 3, inhibited regeneration, torment resistance, unbreathing
a: Depart the Abyss, Renounce Religion


You were on level 2 of the Dungeon.
You worshipped Lugonu.
Lugonu was aware of your devotion.
You were not hungry.

You visited 1 branch of the dungeon, and saw 2 of its levels.
You visited the Abyss 1 time.

You collected 86 gold pieces.

Inventory:

Hand Weapons
 a - a +1 falchion
 l - a +1 dagger of venom (weapon)
Missiles
 q - a throwing net (quivered) {!f}
Armour
 b - a +0 leather armour (worn)
 h - a scarf of repulsion (worn)
 i - a cursed +0 pair of boots (worn)
 s - a cursed +0 pair of gloves
Jewellery
 v - a +4 ring of strength {unknown}
Scrolls
 c - a scroll of teleportation {unknown}
 d - a scroll of fear {unknown}
 j - a scroll of enchant weapon {unknown}
 k - a scroll of amnesia {unknown}
 n - a scroll of magic mapping {unknown}
 p - 3 scrolls of remove curse {unknown}
Potions
 f - a potion of agility {unknown}
 g - a potion of berserk rage
 m - a potion of might {unknown}
 o - a potion of lignification {unknown}
 t - a potion of brilliance
Comestibles
 e - 3 rations


   Skills:
 + Level 4.1 Fighting
 * Level 3.4 Long Blades
 - Level 1.7 Armour
 - Level 0.8 Dodging
 - Level 2.0 Invocations


You had 3 spell levels left.
You didn't know any spells.
Your spell library was empty.

Dungeon Overview and Level Annotations

Branches:
Dungeon (2/15)

Altars:
Dithmenos
Qazlal
The Shining One


Innate Abilities, Weirdness & Mutations

Your body is rotting away.
You thrive on raw meat.
You are immune to poison.
You have sharp fingernails.
You are carnivorous and can eat meat at any time.
Your flesh is cold resistant. (rC+)
You are immune to negative energy. (rN+++)
You do not regenerate when monsters are visible.
You are immune to unholy pain and torment.
You can survive without breathing.


Message History

It was a potion of brilliance.
You feel clever all of a sudden.
The orc priest hits you with a +0 flail!
* * * LOW HITPOINT WARNING * * *
The orc wizard points at you and mumbles some strange words.
The puff of flame misses you.
It was a potion of mutation.
You feel extremely strange.
Your body decomposes!
You feel dopey.
Your body decomposes!
You feel dopey.
Your body decomposes!
You feel dopey.
The orc wizard hits you but does no damage.
The orc priest closely misses you.
It was a potion of invisibility.
You fade into invisibility!
The orc wizard hits you but does no damage.
The orc priest hits you with a +0 flail.
You die...

#........#.#
#.########.#..#
#........#.#..#
#..#####.#.#..#
#...)..#.#.#..#
#..#.#.#.#.#..#
#..#.#.#.#.#..#
#..#.#.#.#.#.o#
#..#.÷...#.#o@#
####..###.#.#.#..#
......#...#.#.#..#
###...#.#####.#..#
.(...>........#..#
####..#.#######..#
##.#.# #..# #...#
#..# #...# #..#


You could see an orc priest and an orc wizard.

Vanquished Creatures
  An orc priest (D:2)
  2 dart slugs (D:2)
  2 leopard geckos (D:1)
  3 giant cockroaches (D:2)
  6 hobgoblins (D:1)
  6 bats
  4 frilled lizards
  10 kobolds
  2 rats
36 creatures vanquished.

Notes
Turn   | Place    | Note
-------+----------+-------------------------------------------
     0 | Abyss:1  | EnegeticOcto the Ghoul Abyssal Knight began the quest for
                  | the Orb.
     0 | Abyss:1  | Reached XP level 1. HP: 19/19 MP: 1/1
    63 | D:1      | Escaped the Abyss
   304 | D:1      | Reached XP level 2. HP: 26/26 MP: 2/2
   360 | D:1      | Reached * piety under Lugonu
   894 | D:2      | Reached XP level 3. HP: 32/33 MP: 3/3
   947 | D:2      | Found a stormy altar of Qazlal.
  1128 | D:2      | Found a shadowy altar of Dithmenos.
  1647 | D:2      | Found a glowing golden altar of the Shining One.
  1821 | D:2      | Reached skill level 4 in Fighting
  1821 | D:2      | Reached XP level 4. HP: 18/39 MP: 4/4
  1825 | D:2      | Slain by an orc priest

Levels and vault maps discovered:
D:1:      onia_arrival_pyramid, layout_basic
D:2:      layout_basic, overflow_temple_1_default, old_standard_altar,
          first_ration, tso_altar
Abyss:1

Skill      XL: |  1  2  3 |
---------------+----------+-----
Long Blades    | 2 3 |  3.4
Fighting       | 4 |  4.1
Armour         | |  1.7
Dodging        | |  0.8
Invocations    | |  2.0

Action                   |  1- 3 |  4- 6 || total
-------------------------+-------+-------++-------
Melee: Falchion          |    39 |       ||    39
       Dagger            |    54 |       ||    54
Invok: Depart the Abyss  |     1 |       ||     1
  Use: Potion            |       |     4 ||     4
  Eat: Chunk             |     8 |       ||     8
Armor: Leather armour    |    29 |     1 ||    30
Dodge: Dodged            |    59 |     2 ||    61
       Deflected         |     2 |       ||     2
       Rpst.: Falchion   |     9 |       ||     9

Table legend:
 A = Non-vault XP
 B = Vault XP
 C = Vault XP percentage of total XP
 D = Non-vault monster count
 E = Vault monster count
 F = Vault count percentage of total count
                 A         B        C        D         E       F
            +---------+---------+-------+---------+---------+-------
      Total |     101 |       0 |   0.0 |      36 |       0 |   0.0
            +---------+---------+-------+---------+---------+-------
        D:1 |      30 |       0 |   0.0 |      19 |       0 |   0.0
        D:2 |      71 |       0 |   0.0 |      17 |       0 |   0.0
            +---------+---------+-------+---------+---------+-------
